 Dungeon Sprint DCSS version 0.29-a0-251-g80730f7218 (webtiles) character file.

Game seed: 12226899169388294215

4875 mhtbhm the Severer (level 10, -4/100 HPs)
             Began as a Minotaur Berserker on Mar 5, 2022.
             Was a High Priest of Trog.
             Killed by divine providence
             ... invoked by a sphinx
              (11 damage)
             ... in the Dungeon (Sprint II: "The Violet Keep of Menkaure").
             The game lasted 00:02:42 (1982 turns).

mhtbhm the Severer (Minotaur Berserker)             Turns: 1982, Time: 00:02:44

Health: -4/100     AC: 17    Str: 33    XL:     10   Next: 26%
Magic:  9/9        EV: 14    Int:  2    God:    Trog [*****.]
Gold:   737        SH:  0    Dex:  9    Spells: 9/9 levels left

rFire   + . .      SeeInvis .   a - +0 hand axe
rCold   x . .      Faith    .   (no shield)
rNeg    . . .      Spirit   .   b - +8 ring mail of the Lily {+Blink rC- Str+6}
rPois   .          Reflect  .   (helmet restricted)
rElec   .          Harm     .   (no cloak)
rCorr   .          Rampage  .   (no gloves)
Will    .....      Rage     1%  (no boots)
Stlth   +......... NoTele   +   (no amulet)
HPRegen 0.26/turn               i - ring of protection from fire
MPRegen 0.11/turn               (no ring)

@: on berserk cooldown, slowed, unable to read, very slow
A: horns 2, retaliatory headbutt, iridescent scales 1, berserk 1, dopey 1, frail
1, inability to read while threatened
a: Renounce Religion, Evoke Blink, Berserk, Trog's Hand, Brothers in Arms


You were in the Dungeon.
You worshipped Trog.
Trog was extremely pleased with you.
You visited 1 branch You collected 1269 gold pieces.
You spent 532 gold pieces at shops.

Inventory:

Hand Weapons
 a - a +0 hand axe (weapon)
Armour
 b - the +8 ring mail of the Lily (worn) {+Blink rC- Str+6}
   (You bought it in a shop in the Dungeon)

   Str:       It affects your strength (+6).
   rC:        It makes you vulnerable to cold.
   +Blink:    It lets you blink.
Jewellery
 i - a ring of protection from fire (left hand)
Scrolls
 c - a scroll of immolation {unknown}
 h - a scroll of blinking
Potions
 e - a potion of haste
 f - 2 potions of magic
 g - a potion of berserk rage


   Skills:
 + Level 18.0 Fighting
 + Level 18.6 Axes
 + Level 9.1 Armour
 + Level 9.8 Dodging
 + Level 0.6 Stealth


You had 9 spell levels left.
You didn't know any spells.
Your spell library was empty.

Dungeon Overview and Level Annotations

Branches:
Dungeon (1/1)

Altars:
Cheibriados
Dithmenos
Elyvilon
Fedhas
Gozag
Hepliaklqana
Kikubaaqudgha
Makhleb
Qazlal
Ru
Sif Muna
Trog
Uskayaw
Vehumet
Wu Jian
Xom
Yredelemnul
Zin
The Shining One
Beogh
Jiyva
Lugonu

Shops:
D =[:*!!=[[=?!:((

Annotations:
D exclusions: obsidian statue and oklob plant


Innate Abilities, Weirdness & Mutations

You have a pair of horns on your head.
You reflexively headbutt those who attack you in melee.
You are partially covered in iridescent scales. (AC +2)
You tend to lose your temper in combat.
You are dopey. (Int -2)
You are frail. (-10% HP)
You sometimes lose the ability to read scrolls when taking damage.


Message History

The sphinx mumbles some strange words.
You shrug off the repeated paralysis!
The sphinx mumbles some strange words.
You feel as though you will be slow longer.
You see here 27 gold pieces.
Unknown command.
You're too confused to move!
The sphinx hits you but does no damage. The sphinx misses you.
The sphinx hits you but does no damage. x2
The sphinx barely misses you. The sphinx hits you!
* * * LOW HITPOINT WARNING * * *
Unknown command.
You feel much better. The sphinx misses you.
The sphinx hits you but does no damage. x2
The sphinx casts a spell.
You barely resist. The sphinx barely misses you.
The sphinx hits you but does no damage. The sphinx misses you.
The sphinx mumbles some strange words.
You barely resist. The sphinx barely misses you.
The sphinx hits you but does no damage. The sphinx hits you.
The sphinx mumbles some strange words.
Something smites you!
* * * LOW HITPOINT WARNING * * *
The sphinx hits you.
* * * LOW HITPOINT WARNING * * *
The sphinx completely misses you. The sphinx barely misses you.
You're too confused to move!
The sphinx hits you but does no damage. x2
The sphinx completely misses you.
The sphinx casts a spell.
Something smites you!
* * * LOW HITPOINT WARNING * * *
Unknown command.
You feel less confused. The sphinx hits you.
* * * LOW HITPOINT WARNING * * *
The sphinx hits you but does no damage. The sphinx barely misses you.
The sphinx hits you but does no damage. x3
The sphinx mumbles some strange words.
Something smites you!
You die...

≈≈≈≈≈≈≈.w─≈≈≈
#####'###VX≈
._..#≈≈§##
_._.#§≈§§####▓▓▓▓▓
._._#≈≈≈§§##§.#$$▓
_._.#≈≈§≈≈≈#..#$.▓
._._#≈§§§≈§'.§'$$▓
_._.#§§≈≈≈≈#[.#HH▓
._._#≈≈≈≈§§▓..#$@▓
_...#≈§§§▓▓▓▓▓▓▓▓▓
#####≈≈≈§▓
≈≈≈≈≈≈≈≈§▓.
#####§▓▓▓▓▓▓ #▓


You could see 2 sphinxes.

Vanquished Creatures
  2 boulder beetles (D)
  2 deep trolls (D)
  A yaktaur (D)
  3 polar bears (D)
  A hornet (D)
  A blink frog (D)
  4 neqoxecs (D)
  4 water moccasins (D)
  4 necrophages (D)
  4 scorpions (D)
26 creatures vanquished.

Vanquished Creatures (others)
  Menkaure (D)
  A water moccasin (D)
  4 tentacles (D)
6 creatures vanquished.

Grand Total: 32 creatures vanquished

Notes
Turn   | Place    | Note
-------+----------+-------------------------------------------
     0 | D        | mhtbhm the Minotaur Berserker began the quest for the Orb.
     0 | D        | Reached XP level 1. HP: 19/19 MP: 0/0
     1 | D        | Noticed a scorpion
     1 | D        | Noticed a scorpion
     1 | D        | Noticed a scorpion
     1 | D        | Noticed a scorpion
     7 | D        | Killed a scorpion
     8 | D        | Reached XP level 2. HP: 15/31 MP: 1/1
     8 | D        | Reached XP level 3. HP: 18/38 MP: 2/2
     9 | D        | Killed a scorpion
    10 | D        | Reached XP level 4. HP: 18/48 MP: 3/3
    13 | D        | Killed a scorpion
    13 | D        | Reached ** piety under Trog
    14 | D        | Reached XP level 5. HP: 11/57 MP: 4/4
   120 | D        | Killed a water moccasin
   454 | D        | Noticed a neqoxec
   454 | D        | Noticed a neqoxec
   454 | D        | Noticed a neqoxec
   454 | D        | Noticed a neqoxec
   454 | D        | Gained mutation: You are dopey. (Int -2) [a neqoxec]
   455 | D        | Gained mutation: You have hidden genetic defects. [a
                  | neqoxec]
   460 | D        | Gained mutation: You sometimes lose the ability to read
                  | scrolls when taking damage. [a neqoxec]
   461 | D        | Killed a neqoxec
   462 | D        | Reached skill level 10 in Fighting
   462 | D        | Reached skill level 10 in Axes
   462 | D        | Reached skill level 5 in Armour
   462 | D        | Reached skill level 5 in Dodging
   462 | D        | Reached XP level 6. HP: 67/67 MP: 5/5
   466 | D        | Killed a neqoxec
   466 | D        | Gained mutation: You are partially covered in iridescent
                  | scales. (AC +2) [a neqoxec]
   468 | D        | Killed a neqoxec
   468 | D        | Reached *** piety under Trog
   469 | D        | Reached XP level 7. HP: 64/77 MP: 6/6
   470 | D        | Killed a neqoxec
   609 | D        | Noticed a boulder beetle
   609 | D        | Noticed a boulder beetle
   620 | D        | Reached **** piety under Trog
   638 | D        | Gained mutation: You tend to lose your temper in combat.
                  | [hidden defects]
   679 | D        | Found Sitoysmu's Antique Weapon Shoppe.
   679 | D        | Found Fuada's Antique Weapon Shoppe.
   679 | D        | Found Ubri's Distillery.
   679 | D        | Found Baad's Book Emporium.
   679 | D        | Found Numiakoj's Jewellery Shoppe.
   679 | D        | Found Jiweh's Magic Scroll Shoppe.
   680 | D        | Found Kitzur's Antique Armour Shoppe.
   680 | D        | Found Ojidaept's Antique Armour Emporium.
   681 | D        | Found Fiegy's Jewellery Shoppe.
   681 | D        | Found Miopten's Distillery.
   687 | D        | Noticed a blink frog
   705 | D        | Killed a blink frog
   706 | D        | Reached XP level 8. HP: 47/88 MP: 7/7
   712 | D        | Gained mutation: You are frail. (-10% HP) [hidden defects]
   712 | D        | Lost mutation: You have hidden genetic defects. [hidden
                  | defects expressed]
   846 | D        | Found Tenij's Distillery.
   846 | D        | Found Rigig's General Store.
   846 | D        | Noticed an oklob plant
   847 | D        | Found Weucsun's Antique Armour Shoppe.
   847 | D        | Found Acyurchid's Jewellery Emporium.
   847 | D        | Found Siot's Book Shoppe.
   847 | D        | Noticed a slime creature
   847 | D        | Noticed a slime creature
   847 | D        | Noticed a slime creature
   855 | D        | Reached ***** piety under Trog
   869 | D        | Bought an aquamarine-encrusted ring mail for 207 gold
                  | pieces
   869 | D        | Identified the +8 ring mail of the Lily {+Blink rC- Str+6}
                  | (You bought it in a shop in the Dungeon)
   882 | D        | Bought a ring of protection from fire for 325 gold pieces
   915 | D        | Killed a boulder beetle
   916 | D        | Reached skill level 15 in Fighting
   916 | D        | Reached skill level 15 in Axes
  1069 | D        | Noticed an obsidian statue
  1098 | D        | Killed a boulder beetle
  1098 | D        | Received a gift from Trog
  1099 | D        | Reached XP level 9. HP: 8/90 MP: 8/8
  1107 | D        | Killed Menkaure
  1382 | D        | Found a blossoming altar of Fedhas.
  1383 | D        | Found a white marble altar of Elyvilon.
  1425 | D        | Found a shadowy altar of Dithmenos.
  1425 | D        | Found a corrupted altar of Lugonu.
  1425 | D        | Found an opulent altar of Gozag.
  1425 | D        | Found a burning altar of Makhleb.
  1426 | D        | Found a snail-covered altar of Cheibriados.
  1426 | D        | Found an ancient bone altar of Kikubaaqudgha.
  1426 | D        | Found a bloodstained altar of Trog.
  1427 | D        | Found a viscous altar of Jiyva.
  1427 | D        | Found a shimmering blue altar of Sif Muna.
  1428 | D        | Found a hazy altar of Hepliaklqana.
  1428 | D        | Found a sacrificial altar of Ru.
  1428 | D        | Found a shimmering altar of Xom.
  1429 | D        | Found a stormy altar of Qazlal.
  1429 | D        | Found an ornate altar of the Wu Jian Council.
  1429 | D        | Noticed a polar bear
  1440 | D        | Killed a polar bear
  1474 | D        | Noticed a yaktaur
  1474 | D        | Noticed a polar bear
  1474 | D        | Noticed a polar bear
  1476 | D        | Killed a polar bear
  1484 | D        | Killed a polar bear
  1487 | D        | Killed a yaktaur
  1600 | D        | Noticed a kraken
  1610 | D        | Found a glowing golden altar of the Shining One.
  1610 | D        | Found a basalt altar of Yredelemnul.
  1610 | D        | Found a hide-covered altar of Uskayaw.
  1611 | D        | Found a glowing silver altar of Zin.
  1611 | D        | Found a radiant altar of Vehumet.
  1731 | D        | Noticed a deep troll
  1731 | D        | Noticed a deep troll
  1741 | D        | Killed a deep troll
  1742 | D        | Reached XP level 10. HP: 99/99 MP: 9/9
  1742 | D        | Killed a deep troll
  1959 | D        | Noticed a sphinx
  1959 | D        | Noticed a sphinx
  1966 | D        | Paralysed by a sphinx for 6 turns
  1982 | D        | Killed from afar by a sphinx

Illustrated notes

Levels and vault maps discovered:
D:        the_violet_keep_of_menkaure [sprint2_stairs_cluster_1,
          sprint2_shoproom, sprint2_temple, sprint2_basic_supplies,
          sprint2_obstacle_3, sprint2_obstacle_6, sprint2_obstacle_4,
          sprint2_obstacle_5, sprint2_obstacle_1, sprint2_timed_cluster_1,
          sprint2_smallroom_cluster_1, sprint2_smallroom_final_cluster_1,
          sprint2_transparent_cluster_1, sprint2_second_timed_cluster_1,
          sprint2_sniper_area_1, sprint2_heavy_combat_area_1,
          sprint2_mutation_trap_area_1, sprint2_forest_area_1,
          sprint2_light_combat_area_1, sprint2_behind_water_1,
          sprint2_near_end_vault_1]

Skill      XL: |  1  2  3  4  5  6  7  8  9 10 |
---------------+-------------------------------+-----
Fighting       | 6 8 9 10 12 13 15 17 18 | 18.0
Axes           | 6 7 8 10 12 14 16 18 | 18.6
Armour         | 3 4 5 6 7 8 9 |  9.1
Dodging        | 3 4 5 6 8 9 |  9.8
Stealth        | |  0.6

Action                   |  1- 3 |  4- 6 |  7- 9 | 10-12 || total
-------------------------+-------+-------+-------+-------++-------
Melee: Hand axe          |     4 |    20 |    89 |     9 ||   122
       Headbutt          |     1 |     2 |    22 |     2 ||    27
       Punch             |       |       |       |     1 ||     1
Invok: Berserk           |     1 |     1 |     6 |     1 ||     9
  Use: Potion            |     1 |       |       |     1 ||     2
Armor: Animal skin       |     1 |     1 |     2 |       ||     4
       Ring mail         |       |       |    29 |    43 ||    72
Dodge: Dodged            |     1 |     7 |    37 |    17 ||    62

Table legend: (Time is in decaauts)
 A = Elapsed time spent in this place.
 B = Non-inter-level travel time spent in this place.
 C = Inter-level travel time spent in this place.
 D = Time resting spent in this place.
 E = Time spent auto-exploring this place.
 F = Levels seen in this place.
 G = Mean time per level.
                   A        B        C        D        E       F      G
               +--------+--------+--------+--------+--------+-----+--------+
         Total |   2040 |   2040 |      0 |   1662 |      0 |   1 | 2040.0 |
       Dungeon |   2040 |   2040 |      0 |   1662 |      0 |   1 | 2040.0 |
               +--------+--------+--------+--------+--------+-----+--------+

Top non-repeatable levels by time:
       D: 2040 daAuts
